 Dungeon Crawl Stone Soup version 0.22-a0-614-g34fbaa0 (webtiles) character file.

4068 suicidejoker the Fighter (level 10, -6/99 HPs)
             Began as a Gargoyle Fighter on July 18, 2018.
             Was an Initiate of Gozag.
             Mangled by a death yak (17 damage)
             ... on level 9 of the Dungeon.
             The game lasted 00:21:44 (8295 turns).

suicidejoker the Fighter (Gargoyle Fighter)         Turns: 8295, Time: 00:21:47

Health: -6/99      AC: 25    Str: 24 (25) XL:     10   Next: 25%
Magic:  10/10      EV:  2    Int:  9      God:    Gozag
Gold:   318        SH: 11    Dex:  8 (9)  Spells: 9/9 levels left

rFire    . . .     SeeInvis .   a - +1 rapier (drain)
rCold    + . .     Gourm    .   c - +0 shield
rNeg     + + +     Faith    .   (armour currently unavailable)
rPois    ∞         Spirit   .   (helmet currently unavailable)
rElec    .         Reflect  .   (cloak currently unavailable)
rCorr    .         Harm     .   (gloves currently unavailable)
MR       +....     NoTele   +   (boots currently unavailable)
Stlth    +++.......             n - amulet of magic regeneration
HPRegen  0.26/turn              o - ring of stealth
MPRegen  0.37/turn              C - ring "Danif" {rC+ rN+ MR+ Str-3 Stlth+}

@: mighty, tree-form, gold aura, berserk cooldown, very slightly contaminated,
slowed, invisible, very slow
A: negative energy resistance 1, petrification resistance, rot immunity, AC +7
a: Potion Petition, Call Merchant, Bribe Branch, Renounce Religion


You were on level 9 of the Dungeon.
You worshipped Gozag.
Gozag was aware of your devotion.
You were hungry.
You were a tree.
You visited 1 branch of the dungeon, and saw 9 of its levels.

You collected 1140 gold pieces.
You paid 822 gold pieces to Gozag.

Inventory:

Hand Weapons
 a - a +1 rapier of draining (weapon)
 b - a +0 shortbow
 U - a +2 great mace of crushing
Missiles
 e - 214 arrows
 i - 35 poisoned needles
 j - 391 stones (quivered)
 k - 31 sling bullets
 t - 39 bolts
 w - 10 javelins
 K - 13 tomahawks
 Q - 2 throwing nets
Armour
 c - a +0 shield (worn)
 s - a +0 helmet (melded)
 v - a +0 pair of gloves (melded)
 E - a +0 plate armour (melded)
 L - a +1 ring mail of poison resistance
 W - a scarf of resistance (melded)
Magical Staves
 Y - an uncursed staff of poison {unknown}
Jewellery
 n - an amulet of magic regeneration (around neck)
 o - a ring of stealth (left branch)
 y - an uncursed ring of stealth
 C - the ring "Danif" (right branch) {rC+ rN+ MR+ Str-3 Stlth+}
   (You found it on level 4 of the Dungeon)

   [ring of protection from magic]

   It affects your strength (-3).
   It protects you from cold.
   It protects you from negative energy.
   It affects your resistance to hostile enchantments.
   It makes you more stealthy.
Wands
 B - a wand of paralysis (17)
 D - a wand of enslavement (13)
 O - a wand of flame (15)
 S - a wand of digging (11)
 X - a wand of random effects (23)
Scrolls
 g - 2 scrolls of teleportation
 l - 5 scrolls of identify
 q - 2 scrolls of blinking {unknown}
 r - a scroll of noise {unknown}
 x - 3 scrolls of amnesia {unknown}
 G - a scroll of fog {unknown}
 I - 4 scrolls of remove curse
 J - a scroll of enchant armour {unknown}
 M - 2 scrolls of enchant weapon {unknown}
 P - a scroll of immolation {unknown}
 T - 2 scrolls of vulnerability {unknown}
 V - a scroll of magic mapping {unknown}
 Z - a scroll of random uselessness {unknown}
Potions
 d - 2 potions of might
 h - a potion of degeneration
 m - a potion of cancellation
 p - a potion of invisibility
 A - a potion of lignification
 R - a potion of mutation
Comestibles
 f - 15 rations


   Skills:
 + Level 9.3 Fighting
   Level 4.9 Long Blades
 + Level 9.2 Armour
 + Level 9.3 Shields


You had 9 spell levels left.
You didn't know any spells.
Your spell library contained the following spells:

 Spells                   Type           Power        Failure   Level  Hunger
 Summon Small Mammal      Summ           #...         63%         1    ##.....
 Summon Ice Beast         Ice/Summ       #.......     100%        4    #####..
 Call Imp                 Summ           #.......     77%         2    ###....
 Call Canine Familiar     Summ           #.......     94%         3    ####...
 Summon Lightning Spire   Summ/Air       #.......     100%        4    #####..
 Summon Guardian Golem    Hex/Summ       #.......     94%         3    ####...


Dungeon Overview and Level Annotations

Branches:
Dungeon (9/15)             Temple (0/1) D:6
   Lair: D:8-11         Orc: D:9-12

Altars:
Gozag
Hepliaklqana
Makhleb
Qazlal
Vehumet

Shops:
D:4 (


Innate Abilities, Weirdness & Mutations

You are resistant to torment.
((Your stone body is resilient. (AC +7)))
You are immune to poison.
You resist negative energy. (rN+)
((You are resistant to electric shocks. (rElec)))
((You can survive without breathing.))
You are immune to petrification.
You are immune to rotting.
((You are partially covered in molten scales. (AC +2)))


Message History

Okay, then.
Okay, then.
Okay, then.
Okay, then.
As you read the scroll labeled MIPSOA KOIMUNUTE, it crumbles to dust.
It is a scroll of identify.
I - 4 scrolls of remove curse The death yak is no longer distracted by gold.
The death yak barely misses you. Something hits you but does no damage.
You block the porcupine's attack.
The orc wizard is distracted by the nearby gold.
As you read the scroll labeled ULIAXZININ, it crumbles to dust.
You feel a strange sense of stasis.
It was a scroll of teleportation.
The river rat is no longer paralysed.
The porcupine twitches its whiskers.
The porcupine bites you.
* * * LOW HITPOINT WARNING * * *
The death yak gores you!
You die...
Your body crumbles into a pile of gold. ..) .. # .. .. #. .. o. .###.###o .....o. #.ZrY

#.$Y# ...# ..#.$♣#
...# #..#.r.# #..#
#..#...# ..# #..#
#..#...##..# #..#
#..#...##..# #.##..#
#..#...##..# ##.
#..###..#...##..#
#..##...........##..#
#.......##.##.......#


You could see 2 death yaks, a porcupine, an orc wizard (unaware), a river rat, 2
orcs and a centaur warrior skeleton (wandering).

Vanquished Creatures
  A two-headed ogre (D:9)
  A death yak (D:9)
  A hippogriff (D:8)
  2 ice beasts
  A sky beast (D:7)
  An orc warrior (D:6)
  A phantom (D:4)
  4 ogres
  3 centaurs
  A big kobold (D:7)
  A bullfrog (D:6)
  2 wyvern skeletons (D:7)
  A scorpion (D:5)
  5 killer bees (D:9)
  3 wights (D:9)
  2 howler monkeys
  4 crimson imps
  3 bullfrog zombies
  A hound (D:5)
  A bullfrog skeleton (D:5)
  6 iguanas
  2 orc wizards
  Ijyb (D:4)
  2 worker ants
  A hell rat (D:9)
  A killer bee zombie (D:9)
  3 hound zombies
  A worker ant zombie (D:6)
  Robin (D:2)
  7 adders
  A shadow imp (D:5)
  An ooze (D:4)
  2 worms
  A dart slug (D:1)
  6 leopard geckos
  13 orcs
  7 bats
  10 giant cockroaches
  18 goblins
  10 hobgoblins
  16 jackals
  13 kobolds
  2 quokkas
  2 ball pythons
  4 frilled lizards
  15 rats
185 creatures vanquished.

Vanquished Creatures (others)
  2 orcs (D:9)
2 creatures vanquished.

Grand Total: 187 creatures vanquished

Notes
Turn   | Place    | Note
-------+----------+-------------------------------------------
     0 | D:1      | suicidejoker the Gargoyle Fighter began the quest for the Orb.
     0 | D:1      | Reached XP level 1. HP: 14/14 MP: 1/1
   249 | D:1      | Reached XP level 2. HP: 19/19 MP: 2/2
   587 | D:1      | Reached XP level 3. HP: 23/23 MP: 3/3
  1494 | D:2      | Reached XP level 4. HP: 29/29 MP: 4/4
  1664 | D:2      | Noticed Robin
  1711 | D:2      | Killed Robin
  2373 | D:3      | Reached XP level 5. HP: 33/33 MP: 5/5
  2922 | D:4      | Found an opulent altar of Gozag.
  2982 | D:4      | Became a worshipper of Gozag Ym Sagoz the Greedy
  3019 | D:4      | Got a scorched tin ring
  3020 | D:4      | Identified the ring "Danif" {rC+ rN+ MR+ Str-3 Stlth+} (You found it on level 4 of the Dungeon)
  3062 | D:4      | Found Hero's Antique Weapon Boutique.
  3240 | D:4      | Noticed a phantom
  3297 | D:4      | Killed a phantom
  3297 | D:4      | Reached XP level 6. HP: 35/39 MP: 6/6
  3401 | D:4      | Noticed Ijyb
  3421 | D:4      | Killed Ijyb
  3631 | D:5      | Entered Level 5 of the Dungeon
  3657 | D:5      | Found a stormy altar of Qazlal.
  3659 | D:5      | Noticed a water elemental
  3660 | D:5      | Noticed a fire elemental
  3660 | D:5      | Noticed an air elemental
  3838 | D:5      | Found a burning altar of Makhleb.
  3843 | D:5      | Found a hazy altar of Hepliaklqana.
  3923 | D:5      | Reached XP level 7. HP: 44/44 MP: 7/7
  4189 | D:5      | Reached skill level 5 in Fighting
  4332 | D:5      | Found an opulent altar of Gozag.
  4428 | D:6      | Reached skill level 5 in Armour
  4428 | D:6      | Reached skill level 5 in Shields
  4861 | D:6      | Reached XP level 8. HP: 48/50 MP: 8/8
  5302 | D:6      | Found a staircase to the Ecumenical Temple.
  6068 | D:7      | Found a radiant altar of Vehumet.
  6309 | D:7      | Reached XP level 9. HP: 50/57 MP: 9/9
  7949 | D:9      | Noticed a two-headed ogre
  7964 | D:9      | Killed a two-headed ogre
  7964 | D:9      | Reached XP level 10. HP: 36/65 MP: 10/10
  8240 | D:9      | Noticed a death yak
  8243 | D:9      | Noticed a death yak
  8245 | D:9      | Noticed a death yak
  8280 | D:9      | Killed a death yak
  8292 | D:9      | Gained mutation: You are partially covered in molten scales. (AC +2) [potion of mutation]
  8292 | D:9      | Gained mutation: You tend to lose your temper in combat. [potion of mutation]
  8292 | D:9      | Lost mutation: You tend to lose your temper in combat. [potion of mutation]
  8295 | D:9      | Mangled by a death yak

Vault maps used:
D:1:      roderic_lyre
D:2:      uniq_robin
D:4:      kennysheep_goblin_castle, serial_shops, shop_fountains,
          serial_bayou_pond_e, nicolae_gozag_seed_capital
D:5:      grunt_temple_overflow_open, kennysheep_mini, first_ration,
          nicolae_qazlal_style_of_elements
D:6:      minmay_temple_entry_trees
D:7:      vehumet_crystals, grunt_ogre_cave
D:8:      kennysheep_generic_room_12
D:9:      dpeg_lair_monsters, small_statue_intersection,
          hangedman_decor_clover_reticule

Skill      XL: |  1  2  3  4  5  6  7  8  9 10 |
---------------+-------------------------------+-----
Long Blades    | 2 3 4 |  4.9
Fighting       | 4 5 7 8 9 |  9.3
Armour         | 4 5 7 8 9 |  9.2
Shields        | 4 5 7 8 9 |  9.3

Action                   |  1- 3 |  4- 6 |  7- 9 | 10-12 || total
-------------------------+-------+-------+-------+-------++-------
Melee: Long sword        |   112 |   184 |       |       ||   296
       Rapier            |       |   132 |   397 |    57 ||   586
       Great mace        |       |       |    58 |       ||    58
Throw: Stone             |       |     3 |    14 |       ||    17
Invok: Potion Petition   |       |       |     3 |     1 ||     4
Evoke: Wand              |       |       |       |     6 ||     6
  Use: Potion            |       |       |       |    12 ||    12
       Scroll            |       |       |       |     2 ||     2
 Stab: Sleeping          |       |     3 |       |       ||     3
       Distracted        |       |     1 |       |       ||     1
       Invisible         |       |       |       |     1 ||     1
  Eat: Chunk             |     2 |     6 |       |       ||     8
       Ration            |       |     1 |     4 |       ||     5
Armor: Scale mail        |    84 |   164 |       |       ||   248
       Plate armour      |       |     8 |   364 |    31 ||   403
       Skin              |       |     4 |       |    11 ||    15
Dodge: Dodged            |    35 |    95 |   123 |    10 ||   263
Block: Shield            |    68 |   175 |   208 |    42 ||   493
       Rpst.: Long sword |     9 |    22 |       |       ||    31

Table legend:
 A = Spawn XP
 B = Non-spawn XP
 C = Spawn XP percentage of total XP
 D = Spawn monster count
 E = Non-spawn monster count
 F = Spawn count percentage of total count
 G = Total turns spent on level
                    A         B        C        D         E        F      G
               +---------+---------+-------+---------+---------+-------+---------
         Total |       0 |    5812 |   0.0 |       0 |     185 |   0.0 |  8295
               +---------+---------+-------+---------+---------+-------+---------
           D:1 |       0 |      48 |   0.0 |       0 |      29 |   0.0 |  1275
           D:2 |       0 |      78 |   0.0 |       0 |      32 |   0.0 |   791
           D:3 |       0 |      65 |   0.0 |       0 |      18 |   0.0 |   711
           D:4 |       0 |     264 |   0.0 |       0 |      26 |   0.0 |   854
           D:5 |       0 |     337 |   0.0 |       0 |      16 |   0.0 |   736
           D:6 |       0 |    1001 |   0.0 |       0 |      22 |   0.0 |  1555
           D:7 |       0 |     840 |   0.0 |       0 |      16 |   0.0 |   900
           D:8 |       0 |     670 |   0.0 |       0 |       9 |   0.0 |   685
           D:9 |       0 |    2509 |   0.0 |       0 |      17 |   0.0 |   788
               +---------+---------+-------+---------+---------+-------+---------
